 Dungeon Crawl Stone Soup version 0.14-a0-1876-g927fc3a (webtiles) character file.

685 4tharraofdagon the Firebug (level 7, 0/36 HPs)
             Began as a Tengu Fire Elementalist on Jan 14, 2014.
             Was a Follower of Sif Muna.
             Slain by an orc (1 damage)
             ... on Level 8 of the Dungeon.
             The game lasted 00:10:56 (1269 turns).

4tharraofdagon the Firebug (TeFE)                   Turns: 1269, Time: 00:10:57

HP   0/36        AC  2     Str 13      XL: 7   Next: 26%
MP   1/17        EV 13     Int 18      God: Sif Muna [*.....]
Gold 144         SH  0     Dex 17      Spells:  3 memorised,  4 levels left

rFire  . . .     SeeInvis .     v - +0 great sword
rCold  . . .     Clarity  .     f - +0 robe
rNeg   . . .     Conserve .     (no shield)
rPois  .         rCorr    .     (helmet restricted)
rElec  .         rRot     .     (no cloak)
SustAb . .       Spirit   .     (no gloves)
rMut   .         Warding  .     (boots unavailable)
Saprov . . .     Stasis   .     (no amulet)
MR     .....                    y - +1 ring of intelligence
                                p - +2 ring of dexterity

@: mighty, not resistant to hostile enchantments, fairly stealthy
A: able to fly, beak, talons 3
a: Fly, Channel Energy, Renounce Religion


You were on level 8 of the Dungeon.
You worshipped Sif Muna.
Sif Muna was aware of your devotion.
You were near starving.

You visited 1 branch of the dungeon, and saw 8 of its levels.
You also visited: Sewer.

You collected 144 gold pieces.

Inventory:

Hand weapons
 l - a +0,+0 club
 v - a +0,+0 great sword (weapon)
Missiles
 j - 5 tomahawks (quivered)
 m - 19 darts
Armour
 a - a +0 robe
 f - a +0 robe (worn)
Magical devices
 g - a wand of slowing (17)
 n - a wand of random effects (0)
Comestibles
 c - a bread ration
 r - 2 meat rations
Scrolls
 d - a scroll of blinking {unknown}
 e - 2 scrolls of curse jewellery {unknown}
 i - a scroll of enchant armour {unknown}
 k - a scroll of teleportation
 o - 2 scrolls of amnesia {unknown}
 q - a scroll of remove curse
 s - 2 scrolls of identify {unknown}
 u - a scroll of fear {unknown}
Jewellery
 h - an uncursed ring of flight
 p - a +2 ring of dexterity (left hand)
 w - an uncursed ring of teleportation
 y - a +1 ring of intelligence (right hand)
Books
 b - a book of Flames

   Spells                             Type                      Level
   *Flame Tongue                      Conjuration/Fire             1
   Throw Flame                        Conjuration/Fire             2
   *Conjure Flame                     Conjuration/Fire             3
   Inner Flame                        Hexes/Fire                   3
   *Sticky Flame                      Conjuration/Fire             4
   Fireball                           Conjuration/Fire             5
 B - a book of Summonings

   Spells                             Type                      Level
   Abjuration                         Summoning                    3
   Recall                             Summoning/Translocation      3
   Summon Elemental                   Summoning                    4
   Shadow Creatures                   Summoning                    5
   Summon Demon                       Summoning                    5
   Summon Ugly Thing                  Summoning                    6


   Skills:
 - Level 2.1 Dodging
 - Level 2.0 Stealth
 + Level 3.3 Spellcasting
 + Level 5.5 Conjurations
 + Level 5.9 Fire Magic
 * Level 2.2 Invocations


You had 4 spell levels left.
You knew the following spells:

 Your Spells              Type           Power        Failure   Level  Hunger
a - Flame Tongue          Conj/Fire      ###..        1%          1    None
b - Conjure Flame         Conj/Fire      ###.....     4%          3    ###....
c - Sticky Flame          Conj/Fire      ###.....     17%         4    ####...


Dungeon Overview and Level Annotations

Branches:
Dungeon (8/16)
 Temple: D:4-7         Lair: D:8-11

Altars:
Cheibriados
Sif Muna


Innate Abilities, Weirdness & Mutations

You can fly.
You have a beak for a mouth.
You have claws for feet.


Message History

Confirm with . or Enter, or press ? or * to list all spells.
Aiming: Flame Tongue
Press: ? - help, Shift-Dir - straight line, f/p - gnoll
Aim: a gnoll, wielding a flail (severely wounded)
The flame hits the gnoll.
The gnoll is almost dead.
The gnoll hits you with a flail.
* * * LOW HITPOINT WARNING * * *
The orc barely misses you.
The orc hits you with an orcish long sword.
* * * LOW HITPOINT WARNING * * *
Casting: Flame Tongue
Confirm with . or Enter, or press ? or * to list all spells.
Aiming: Flame Tongue
Press: ? - help, Shift-Dir - straight line, f/p - gnoll
Aim: a gnoll, wielding a flail (almost dead)
The flame hits the gnoll.
You kill the gnoll!
The orc hits you.
You die...

###########
#@o.......#
#)o.......#
########.........#
........#.........#
..................#
.................<#
..............%..#
.................#
.................#


You could see 2 orcs.

Vanquished Creatures
  An orc warrior (D:8)
  A sky beast (D:6)
  A giant frog (D:6)
  A giant slug (Sewer)
  A centaur zombie (D:6)
  A scorpion (D:6)
  Jessica (D:2)
  2 adders
  4 gnolls
  A giant mite (D:1)
  A worm (D:5)
  4 grey rats (D:4)
  2 giant geckos
  4 orcs
  2 bats (D:3)
  3 hobgoblins
  3 giant cockroaches
  4 goblins
  4 jackals
  5 kobolds
  A kobold skeleton (D:6)
  4 rats
51 creatures vanquished.

Notes
Turn   | Place    | Note
--------------------------------------------------------------
     0 | D:1      | 4tharraofdagon, the Tengu Fire Elementalist, began the quest for the Orb.
     0 | D:1      | Reached XP level 1. HP: 10/10 MP: 3/3
    59 | D:1      | Reached XP level 2. HP: 9/15 MP: 0/5
   105 | D:1      | HP: 1/22 [poisoned by a giant mite]
   155 | D:2      | Noticed Jessica
   157 | D:2      | Killed Jessica
   157 | D:2      | Reached skill level 4 in Fire Magic
   157 | D:2      | Reached XP level 3. HP: 16/19 MP: 4/7
   162 | D:2      | Learned a level 3 spell: Conjure Flame
   313 | D:3      | Found a deep blue altar of Sif Muna.
   322 | D:3      | Became a worshipper of Sif Muna the Loreminder
   418 | D:4      | Found a glowing drain.
   452 | Sewer    | Entered a sewer
   488 | Sewer    | Reached XP level 4. HP: 21/24 MP: 7/9
   546 | Sewer    | Noticed a giant slug
   594 | Sewer    | Killed a giant slug
   594 | Sewer    | Reached XP level 5. HP: 25/28 MP: 3/11
   656 | D:4      | Learned a level 4 spell: Sticky Flame
   673 | D:5      | Entered Level 5 of the Dungeon
   847 | D:6      | Reached skill level 5 in Fire Magic
  1009 | D:6      | Acquired Sif Muna's first power
  1009 | D:6      | Reached XP level 6. HP: 10/32 MP: 6/14
  1038 | D:6      | Reached skill level 5 in Conjurations
  1089 | D:6      | Noticed a sky beast
  1098 | D:6      | Killed a sky beast
  1098 | D:6      | Reached skill level 1 in Invocations
  1113 | D:6      | Found a snail-covered altar of Cheibriados.
  1230 | D:8      | Reached XP level 7. HP: 22/36 MP: 6/17
  1268 | D:8      | HP: 1/36 [orc/orcish long sword (4)]
  1269 | D:8      | Slain by an orc

Action                   |  1- 3 |  4- 6 |  7- 9 || total
-------------------------+-------+-------+-------++-------
Melee: Unarmed           |     2 |       |       ||     2
       Club              |    13 |     1 |       ||    14
       Great sword       |       |     9 |       ||     9
 Cast: Flame Tongue      |    27 |    53 |    19 ||    99
       Conjure Flame     |       |     3 |     1 ||     4
       Sticky Flame      |       |     3 |       ||     3
Invok: Channel Energy    |       |    12 |     5 ||    17
 Abil: Evoke Teleportati |       |     1 |       ||     1
Evoke: Wand              |     1 |     9 |       ||    10
  Use: Potion            |     3 |     3 |     1 ||     7
       Scroll            |       |     2 |       ||     2
 Stab: Sleeping          |     1 |     2 |       ||     3
